Map: Ice and Chrome LE

Players

Serral

  • Race: Zerg Zerg
  • Spawn Location: 1:00

INnoVation - Winner!

  • Race: Terran Terran
  • Spawn Location: 7:00

Event: DreamHack SC2 Masters 2020 Fall

VOD

Have the link to the VOD?

Description

Time

  • Played on: Sept. 18, 2020, 11:03 a.m.
  • Length: 12:13

All games in this series

Show
View Real Time Build Order
Export as new Build Order

Serral Zerg 

Build Orders: Hatch First, Muta Ling Bane 

Get SALT Encoding   

  12  0:00  Drone  
  13  0:12  Overlord  
  13  0:17  Drone  
  14  0:30  Drone x2  
  16  0:47  Hatchery  
  15  0:51  Drone  
  15  0:54  Drone  
  17  0:57  Drone  
  18  1:08  Extractor  
  17  1:12  Spawning Pool  
  17  1:15  Drone  
  17  1:18  Drone  
  18  1:28  Drone  
  19  1:38  Drone  
  20  1:51  Overlord  
  20  1:59  Queen x2  
  20  2:00  Zergling x4  
  26  2:12  Drone x2, Metabolic Boost  
  28  2:21  Drone x2  
  30  2:36  Hatchery  
  29  2:38  Drone x2  
  31  2:45  Queen  
  31  2:49  Overlord  
  33  2:52  Drone  
  33  2:54  Drone  
  33  2:57  Drone  
  36  3:08  Drone x2  
  36  3:09  Drone x2  
  36  3:10  Overlord  
  40  3:18  Drone x2  
  42  3:25  Queen  
  43  3:27  Overlord  
  43  3:29  Zergling x2  
  44  3:37  Overlord  
  44  3:40  Drone x2  
  44  3:41  Overlord  
  46  3:46  Zergling x2  
  46  3:48  Queen  
  49  3:49  Drone  
  49  3:51  Drone  
  51  3:56  Zergling x2  
  51  3:57  Drone x2  
  51  3:59  Overlord  
  51  4:01  Queen  
  51  4:02  Drone x2  
  58  4:09  Zergling x2  
  59  4:11  Zergling x2  
  59  4:12  Drone  
  61  4:18  Drone x2  
  61  4:22  Extractor  
  61  4:23  Zergling x2  
  63  4:24  Evolution Chamber x2  
  63  4:25  Drone x3  
  64  4:33  Drone x5  
  64  4:36  Zergling x2  
  69  4:43  Drone  
  69  4:44  Drone, Spore Crawler  
  70  4:49  Zergling x6  
  70  4:52  Zerg Ground Armor Level 1, Zerg Melee Weapons Level 1  
  73  4:53  Drone  
  73  4:58  Drone x4  
  78  5:00  Drone  
  79  5:07  Zergling x4  
  79  5:09  Lair  
  79  5:12  Hatchery  
  79  5:13  Overlord x2  
  80  5:16  Extractor  
  80  5:18  Extractor  
  78  5:22  Baneling Nest, Overlord  
  78  5:24  Zergling x8  
  81  5:29  Zergling x2, Spore Crawler  
  81  5:33  Zergling x6  
  86  5:35  Drone x4  
  89  5:43  Drone x2  
  89  5:44  Drone x2  
  89  5:47  Drone  
  95  5:50  Drone  
  95  5:53  Drone x3  
  95  5:54  Drone  
  95  5:55  Drone  
  100  5:58  Overlord  
  100  5:59  Drone x3  
  103  6:04  Extractor  
  103  6:07  Extractor, Centrifical Hooks  
  103  6:09  Drone  
  103  6:10  Drone x2, Hatchery  
  100  6:14  Spore Crawler  
  100  6:15  Drone x3  
  100  6:18  Drone  
  103  6:21  Drone  
  103  6:22  Drone x2  
  103  6:24  Queen  
  108  6:26  Drone x3, Spire  
  108  6:30  Zergling x2  
  108  6:32  Zergling x4  
  113  6:34  Overseer  
  113  6:36  Zergling x2  
  114  6:40  Zergling x8  
  114  6:45  Overlord  
  114  6:47  Zerg Melee Weapons Level 2, Baneling x5  
  117  6:51  Zergling x4  
  119  6:54  Overlord  
  119  6:57  Zergling x2  
  119  7:00  Zerg Ground Armor Level 2  
  117  7:02  Zergling x6  
  117  7:07  Drone x5  
  125  7:08  Overlord  
  125  7:09  Extractor  
  125  7:13  Zergling x6  
  125  7:14  Zergling x2  
  125  7:15  Overlord  
  128  7:16  Drone x2, Pneumatized Carapace  
  128  7:19  Overlord  
  128  7:20  Overlord  
  128  7:38  Mutalisk x7  
  128  7:40  Mutalisk  
  128  7:42  Zergling x20  
  154  7:51  Zergling x6  
  156  7:53  Baneling  
  156  7:54  Baneling x8  
  156  7:57  Zergling x6  
  159  8:03  Zergling x8  
  163  8:07  Zerg Flyer Weapons Level 1  
  163  8:08  Overseer  
  163  8:09  Overlord x2  
  163  8:14  Baneling x2  
  163  8:15  Drone x4  
  163  8:16  Hatchery  
  163  8:17  Overlord  
  164  8:23  Mutalisk  
  164  8:26  Baneling x2  
  166  8:33  Mutalisk  
  158  8:35  Zergling x34  
  154  8:43  Zergling x2  
  154  8:44  Zergling x6  
  152  8:49  Infestation Pit, Baneling x3  
  152  8:51  Mutalisk x4  
  159  8:55  Baneling  
  159  8:56  Baneling x2  
  159  8:57  Zergling x6  
  162  9:04  Drone  
  162  9:08  Mutalisk x3  
  169  9:10  Drone x3  
  169  9:15  Overlord  
  171  9:18  Drone x2  
  171  9:19  Drone, Zergling x2, Spore Crawler  
  171  9:20  Zergling x22  
  185  9:28  Hive  
  185  9:29  Zergling x2  
  185  9:30  Zergling x6  
  189  9:38  Zergling x8  
  192  9:40  Baneling x8  
  192  9:43  Overseer  
  192  9:46  Zergling x14  
  192  9:49  Overlord  
  192  9:50  Mutalisk x3  
  192  9:51  Mutalisk  
  185  9:59  Mutalisk x2  
  185  10:02  Overseer  
  185  10:05  Queen  
  185  10:06  Hatchery  
  190  10:07  Drone x3, Extractor, Spine Crawler  
  190  10:08  Spore Crawler  
  189  10:16  Zergling x24  
  189  10:17  Zergling x6  
  189  10:19  Baneling x13  
  189  10:23  Zergling x4  
  189  10:24  Zergling x4  
  158  10:36  Zergling x26  
  158  10:40  Mutalisk x2  
  164  10:45  Baneling x9  
  164  10:46  Baneling x3  
  164  10:50  Drone x2  
  164  10:53  Zergling x14  
  168  10:59  Zergling x8  
  168  11:01  Baneling x8  
  172  11:09  Zergling x12  
  178  11:18  Zergling x26  
  178  11:20  Overseer  
  189  11:29  Zergling x20  
  198  11:39  Zergling x10  
  183  11:44  Baneling x13  
  183  11:45  Baneling x2, Mutalisk x2  
  180  11:52  Overlord  
  180  11:53  Zergling x36  
Show
View Real Time Build Order
Export as new Build Order

INnoVation Terran - Winner!

Build Orders: Reaper Expand, Hellion Banshee 

Get SALT Encoding   

  12  0:00  SCV  
  13  0:12  SCV  
  14  0:17  Supply Depot  
  14  0:24  SCV  
  15  0:38  SCV  
  15  0:40  Barracks  
  16  0:43  Refinery  
  16  0:50  SCV  
  17  1:02  SCV  
  18  1:15  SCV  
  19  1:27  Orbital Command, Reaper  
  20  1:38  Command Center  
  20  1:48  Supply Depot  
  20  1:53  SCV  
  21  1:59  Marine  
  22  2:05  SCV  
  22  2:07  Factory  
  23  2:17  SCV  
  23  2:18  Refinery  
  23  2:21  Barracks Reactor  
  24  2:29  SCV  
  25  2:41  SCV  
  26  2:50  Orbital Command  
  26  2:53  Starport, SCV  
  27  3:02  Command Center  
  28  3:05  SCV  
  28  3:11  Barracks Tech Lab  
  28  3:12  Hellion  
  30  3:16  SCV  
  30  3:18  Hellion  
  33  3:20  SCV  
  34  3:31  SCV  
  34  3:32  SCV  
  36  3:35  Hellion  
  36  3:38  Banshee  
  36  3:39  Hellion  
  36  3:40  Barracks Tech Lab  
  42  3:44  SCV x2  
  44  3:49  Supply Depot  
  44  3:56  SCV x2  
  44  4:00  Stimpack  
  46  4:10  SCV x2, Marine  
  46  4:11  Hellion x2  
  46  4:15  Orbital Command  
  53  4:21  Raven  
  53  4:22  SCV x2  
  57  4:26  Supply Depot  
  57  4:28  Marine  
  58  4:32  Hellion x2  
  58  4:35  SCV x2  
  64  4:43  SCV  
  65  4:46  Marine  
  65  4:47  SCV x2  
  65  4:49  Supply Depot  
  68  4:55  SCV  
  68  4:58  Barracks  
  68  4:59  SCV x2  
  71  5:00  Barracks  
  71  5:01  Engineering Bay x2  
  71  5:04  Factory Reactor  
  71  5:06  Marine  
  72  5:11  Orbital Command, Refinery, SCV x2  
  72  5:12  Refinery  
  72  5:13  Starport Reactor, Supply Depot  
  74  5:23  SCV x2  
  74  5:24  Marine  
  77  5:31  Terran Infantry Armor Level 1, Terran Infantry Weapons Level 1  
  77  5:32  Barracks  
  77  5:34  Barracks  
  77  5:35  SCV x2  
  79  5:42  Marine  
  78  5:46  SCV, Marine x2  
  78  5:47  SCV x2  
  83  5:56  Factory Reactor  
  83  5:58  SCV, Marine x2  
  83  5:59  Combat Shield, SCV  
  83  6:00  Medivac x2, Marine  
  83  6:01  Supply Depot  
  92  6:04  Marine  
  93  6:17  Supply Depot  
  93  6:18  Supply Depot  
  93  6:19  Supply Depot  
  93  6:21  Barracks Reactor x2  
  93  6:23  SCV x3, Marine  
  97  6:29  Marine x3  
  97  6:30  Marine  
  101  6:33  Command Center  
  101  6:39  SCV x3  
  104  6:49  Refinery x2  
  104  6:51  SCV x3  
  104  6:52  Armory, Marine x5  
  112  6:55  Factory  
  110  7:03  SCV x3  
  110  7:04  Medivac x2  
  110  7:05  Marine x4  
  121  7:10  Supply Depot  
  121  7:15  SCV x3  
  124  7:18  Supply Depot  
  124  7:19  Supply Depot  
  124  7:27  SCV  
  125  7:31  Widow Mine x2, SCV x2  
  125  7:32  Supply Depot  
  131  7:39  SCV  
  131  7:40  Terran Infantry Weapons Level 2, Terran Infantry Armor Level 2, Barracks  
  131  7:41  Drilling Claws  
  131  7:42  Barracks  
  131  7:43  Widow Mine, SCV x2  
  136  7:44  Barracks  
  136  7:48  Medivac  
  136  7:49  Medivac  
  139  7:52  Marauder, Marine x5  
  139  7:53  Widow Mine x2  
  139  7:54  Concussive Shells  
  149  8:07  Planetary Fortress  
  149  8:11  Thor  
  149  8:12  Missile Turret  
  155  8:14  Missile Turret  
  155  8:18  Marine x7  
  160  8:21  Widow Mine  
  160  8:22  Widow Mine  
  160  8:25  Medivac x2  
  164  8:35  Marine  
  164  8:36  Barracks Tech Lab x3, Marauder  
  145  8:42  Marine x7  
  145  8:45  Widow Mine x2  
  149  8:50  Missile Turret  
  149  8:53  Marine  
  150  8:57  Marauder, Thor  
  150  9:00  Medivac x2, Marine x3  
  150  9:01  Marine x4  
  168  9:03  Marauder  
  168  9:05  Supply Depot x2  
  170  9:11  Widow Mine x2  
  170  9:13  Marauder x2, Marine  
  178  9:18  Marauder  
  178  9:22  Marine  
  178  9:23  Marine x6  
  187  9:27  Marauder  
  187  9:31  Marine  
  189  9:34  Marauder x2  
  189  9:35  Widow Mine x2  
  192  9:39  Medivac x2  
  192  9:40  Marauder, Marine x2  
  192  9:44  Command Center  
  198  9:50  Marauder  
  200  10:08  Refinery  
  200  10:10  Command Center  
  200  10:18  Widow Mine  
  199  10:33  Widow Mine, Marauder x3, Thor  
  199  10:34  Medivac  
  172  10:36  Marine  
  172  10:37  Marine x6  
  172  10:38  Marine x2  
  172  10:40  Widow Mine  
  164  10:54  Marauder x3, Marine  
  164  10:55  Marine x7  
  164  10:56  Marauder  
  180  11:00  Medivac, Widow Mine  
  180  11:01  Widow Mine  
  181  11:11  Marine  
  181  11:13  Marine x7  
  181  11:15  Marauder  
  181  11:16  Marauder x2, Thor  
  181  11:17  Sensor Tower, Marine  
  198  11:21  Widow Mine  
  198  11:25  Planetary Fortress  
  200  11:38  Medivac x2  
  187  11:40  Marauder x3, Marine  
  187  11:43  Marine x7  
  187  11:44  Marine  

Tags
 
Add a new tag
Caveats
  • Supply blocks, unpowered buildings, or Contaminate may cause inaccurate times.
  • Supply counts are checked every 10 seconds.